AoeStats
← AndyThePro

Arabia

503167485Analyzed
1v1 RM · 1mo ago on Aug 30, 2026· 23m 52s· 2 players
Game mode
Random Map
Map size
Tiny (2 player)
Population
200
Speed
Normal
Resources
Standard
Victory
Conquest
Starting age
Dark Age
Ending age
Imperial Age
RankedLock teamsTeams togetherTeam positionsShared explorationLock speedFull tech treeHidden civsTurbo modeCheats
Victory
Defeat
🇵🇰 Slavs · Pakistan
1947
+9
🇩🇪 Portuguese · Germany
1778
-9
Aaag Boy 1
5:55 Loom
8:51 Feudal Age
9:22 Double-Bit Axe
15:39 Fletching
15:41 Horse Collar
16:43 Padded Archer Armor
21:57 Castle Age
20:47 Scale Barding Armor
21:00 Bloodlines
22:45 Husbandry
22:14 Light Cavalry
AndyThePro
6:27 Loom
8:52 Feudal Age
9:49 Double-Bit Axe
20:25 Castle Age
19:26 Fletching
20:58 Bloodlines
20:39 Crossbowman
22:19 Bow Saw
22:45 Horse Collar
Connection lost

Rejoining the realm…

Still unreachable

The connection could not be restored.

Session expired

The server has moved on; the page needs a fresh start.